 Dungeon Crawl Stone Soup version 0.21-a0-349-g0c35859 (webtiles) character file.

71408 theanonym the Warrior (level 14, -8/149 HPs)
             Began as a Minotaur Berserker on Oct 8, 2017.
             Was a High Priest of Trog.
             Mangled by a tarantella (12 damage)
             ... on level 2 of the Spider Nest on Oct 9, 2017.
             The game lasted 01:12:29 (19953 turns).

theanonym the Warrior (Minotaur Berserker)         Turns: 19953, Time: 01:12:29

Health: -8/149     AC:  4    Str: 32    XL:     14   Next: 97%
Magic:  0/13       EV: 12    Int:  4    God:    Trog [*****.]
Gold:   1114       SH:  0    Dex: 15    Spells: 13/13 levels left

rFire    + . .     SeeInvis .   v - +1 flail of the Desert {venom, +Rage rF+ Dex+6}
rCold    . . .     Gourm    .   F - +0 buckler
rNeg     . . .     Faith    .   A - +0 plate armour
rPois    +         Spirit   +   (helmet restricted)
rElec    .         Reflect  .   j - +2 cloak {MR+}
rCorr    .         Harm     .   b - +0 pair of gloves
MR       ++...                  D - +2 pair of boots
Stlth    ..........             d - amulet of guardian spirit {Spirit}
HPRegen  0.34/turn              y - +4 ring of strength
MPRegen  0.13/turn              a - ring of poison resistance {rPois, !d}

@: confused, lethally poisoned (-8 -> -27), corroded, berserk cooldown, slowed,
studying Fighting, very slow
A: retaliatory headbutt, horns 2
a: Berserk, Trog's Hand, Brothers in Arms, Burn Spellbooks, Renounce Religion,
Evoke Berserk Rage


You were on level 2 of the Spider Nest.
You worshipped Trog.
Trog was extremely pleased with you.
You were not hungry.

You visited 3 branches of the dungeon, and saw 17 of its levels.
You also visited: Ossuary and Ice Cave.

You collected 1382 gold pieces.
You spent 268 gold pieces at shops.

Inventory:

Hand Weapons
 v - the +1 flail of the Desert (weapon) {venom, +Rage rF+ Dex+6}
   (You found it on level 7 of the Dungeon)

   It poisons the flesh of those it strikes.
   It affects your dexterity (+6).
   It protects you from fire.
   It lets you go berserk.
Missiles
 S - 3 javelins of penetration (quivered)
 U - 8 javelins of returning
Armour
 b - a +0 pair of gloves (worn)
   (You found it on level 8 of the Dungeon)
 j - a +2 cloak of magic resistance (worn)
   (You found it in an ice cave)
 A - a +0 plate armour (worn)
   (You took it off an orc warrior on level 5 of the Dungeon)
 D - a +2 pair of boots (worn)
   (You found it on level 6 of the Lair of Beasts)
 F - a +0 buckler (worn)
   (You bought it in a shop on level 5 of the Dungeon)
Jewellery
 a - a ring of poison resistance (right hand) {rPois, !d}
   (You found it on level 6 of the Dungeon)
 d - an amulet of guardian spirit (around neck) {Spirit}
   (You found it on level 1 of the Dungeon)
 q - an uncursed ring of protection from cold {rC+, !d}
   (You found it in an ice cave)
 y - a +4 ring of strength (left hand)
   (You found it on level 4 of the Dungeon)
 z - an uncursed ring of positive energy {rN+}
   (You found it on level 4 of the Dungeon)
 J - the ring "Konizila" {rCorr rElec rF+ Int-2 Dex+3}
   (You acquired it in an ossuary)

   [ring of resist corrosion]

   It affects your intelligence (-2).
   It affects your dexterity (+3).
   It protects you from fire.
   It insulates you from electricity.
 T - an uncursed ring of positive energy {rN+}
   (You found it on level 1 of the Lair of Beasts)
Wands
 p - a wand of polymorph (21/24)
   (You took it off an orc on level 3 of the Dungeon)
 s - a wand of lightning (5/15)
   (You found it in an ice cave)
 B - a wand of flame (15/48)
   (You found it on level 5 of the Dungeon)
 C - a wand of iceblast (8/15)
   (You found it on level 5 of the Dungeon)
 E - a wand of acid (6/15)
   (You found it on level 5 of the Dungeon)
 M - a wand of confusion (22/48)
   (You found it on level 2 of the Spider Nest)
 Y - a wand of paralysis (17/24)
   (You found it on level 4 of the Lair of Beasts)
Scrolls
 g - 5 scrolls of remove curse
 k - 5 scrolls of enchant armour
 l - a scroll of fear
 m - 5 scrolls of teleportation
 t - 2 scrolls of magic mapping {!r}
 K - 2 scrolls of recharging
 L - a scroll of enchant weapon
 N - 2 scrolls of identify
 P - 2 scrolls of blinking {!r}
Potions
 e - 3 potions of brilliance
 h - 2 potions of invisibility
 i - 2 potions of flight {unknown}
 n - a potion of heal wounds {unknown}
 o - 5 potions of agility
 u - 6 potions of curing
 w - 3 potions of might
 x - a potion of cancellation {unknown}
 G - 3 potions of haste
 H - a potion of resistance {unknown}
 I - 3 potions of berserk rage {!q}
 Q - 2 potions of lignification {unknown}
Books
 R - a manual of Fighting {!d}
   (You found it on level 6 of the Lair of Beasts)
Miscellaneous
 O - a phantom mirror
 X - a lamp of fire
   (You found it on level 3 of the Lair of Beasts)
Comestibles
 c - 11 bread rations {@e1}
 f - 7 royal jellies
 r - 8 fruits
 V - 2 meat rations {@e2}


   Skills:
 + Level 20.4 Fighting
 - Level 12.0 Maces & Flails
 + Level 19.5 Armour
 + Level 4.8 Dodging
 - Level 0.4 Stealth
 + Level 4.1 Shields


You had 13 spell levels left.
You didn't know any spells.

Dungeon Overview and Level Annotations

Branches:
Dungeon (8/15)             Temple (0/1) D:5            Lair (6/6) D:8
 Shoals (0/4) Lair:3       Spider (3/4) Lair:3        Slime (0/5) Lair:5

Altars:
Ashenzari
Cheibriados
Dithmenos
Elyvilon
Fedhas
Hepliaklqana
Kikubaaqudgha
Nemelex Xobeh
Qazlal
Trog
Wu Jian

Shops:
D:4 *   D:5 [}   D:6 !   D:7 (

Annotations:
D:7 2 exclusions


Innate Abilities, Weirdness & Mutations

You reflexively headbutt those who attack you in melee.
You have a pair of horns on your head.


Message History

The tarantella bites you but does no damage.
The entropy weaver gestures wildly while chanting.
The entropic weave corrodes you!
You feel your anger subside.
You are no longer berserk.
You are exhausted.
You feel yourself slow down.
You now have 138/149 hp.
You closely miss the tarantella.
The entropy weaver gestures wildly while chanting.
The entropic weave corrodes you! The tarantella bites you!
You are more confused.
The tarantella bites you but does no damage.
The redback misses you. The tarantella closely misses you.
The tarantella bites you but does no damage.
You take 8 damage, and have 130/149 hp.
You're too confused!
The redback bites you.
The entropy weaver gestures wildly while chanting.
The entropic weave corrodes you! The redback bites you.
You take 3 damage, and have 127/149 hp.
You're too confused to move!
The redback misses you. The tarantella closely misses you.
The tarantella bites you but does no damage.
The redback misses you.
The tarantella bites you but does no damage. x2
The tarantella bites you but does no damage.
The redback bites you but does no damage.
The tarantella bites you.
You are more confused.
The tarantella completely misses you.
You take 6 damage, and have 122/149 hp.
The tarantella bites you but does no damage.
The redback bites you but does no damage.
The tarantella bites you.
You are more confused.
The entropy weaver mumbles some strange words.
The entropic weave corrodes you! The tarantella barely misses you.
The redback bites you but does no damage.
You take 3 damage, and have 119/149 hp.
You're too confused to move!
The tarantella bites you but does no damage. x2
The redback bites you but does no damage.
The entropy weaver casts a spell.
The entropic weave corrodes you! The tarantella closely misses you.
The tarantella bites you but does no damage.
The redback bites you. The tarantella barely misses you.
You take 4 damage, and have 115/149 hp.
You hit the tarantella but do no damage.
The tarantella is poisoned.
The tarantella bites you but does no damage.
The redback closely misses you. The tarantella barely misses you.
The tarantella bites you but does no damage.
The redback bites you but does no damage.
Unknown command.
You are caught in the web!
There is a web here.
You struggle to detach yourself from the web.
The tarantella completely misses you. The redback bites you!
You are poisoned.
The redback poisons you!
The entropy weaver casts a spell.
The entropic weave corrodes you!
The tarantella bites you but does no damage.
The redback bites you but does no damage.
The entropy weaver hits you! The entropy weaver hits you.
The entropy weaver hits you! The entropy weaver hits you.
You take 32 damage, and have 84/149 hp.
MASSIVE DAMAGE!!
You now have 7/13 mp.
Unknown command.
You disentangle yourself.
You feel very sick. The tarantella barely misses you.
The entropy weaver hits you! x4
The tarantella completely misses you.
You take 38 damage, and have 46/149 hp.
MASSIVE DAMAGE!!
You now have 4/13 mp.
You feel very sick. The entropy weaver hits you!
* * * LOW HITPOINT WARNING * * *
The entropy weaver hits you but does no damage.
The entropy weaver hits you.
* * * LOW HITPOINT WARNING * * *
The entropy weaver barely misses you. The entropy weaver hits you.
* * * LOW HITPOINT WARNING * * *
The entropy weaver hits you!
* * * LOW HITPOINT WARNING * * *
The entropy weaver hits you but does no damage.
The entropy weaver hits you!
* * * LOW HITPOINT WARNING * * *
The redback completely misses you.
You take 39 damage, and have 7/149 hp.
MASSIVE DAMAGE!!
You now have 0/13 mp.
You miss the tarantella. You headbutt the tarantella.
* * * LOW HITPOINT WARNING * * *
You feel very sick.
The tarantella bites you but does no damage.
The tarantella bites you!
You die...

#### #.##### ### #^.## ##....###
#.###...# #.....#.# ##...#..##
#.....#.# #......#####
####......####
###..#.#...#######..#.......#.###
.##........##.#..........#....#.#
......#...#....#s..^.........#^^.
...............s@<#..............
...............#as.........#.....
#................................
.....#...#.................#^..>.
)...................#...........#
...........†.....................
...^.............................
...........>.....................
.......#........#.............#..


You could see an entropy weaver, 2 tarantellas and a redback.

Vanquished Creatures
  The ghost of Syneil the Bludgeoner, an adept DsGl of Okawaru (Spider:1)
  A frost giant (IceCv)
  Josephine (Lair:5)
  9 hydras
  3 catoblepae (Lair:6)
  4 death yaks
  13 wolf spiders
  9 orb spiders
  2 manticores (Lair:6)
  An oklob plant (Lair:6)
  4 elephants (Lair:5)
  4 black mambas
  12 spiny frogs
  4 demonic crawlers
  A rime drake (Lair:5)
  2 komodo dragons (Lair:6)
  13 polar bears
  A hornet (Spider:2)
  2 meliai (Spider:2)
  A queen bee (Spider:2)
  17 jumping spiders
  14 blink frogs
  7 hippogriffs
  27 redbacks
  2 wyverns
  19 tarantellas
  6 wraiths
  57 yaks
  A hungry ghost (D:6)
  9 porcupines
  11 water moccasins
  2 orc warriors
  9 ice beasts
  2 black bears (D:7)
  2 centaurs
  17 wolves
  13 crocodiles
  The ghost of p0werm0de the Magician, an amateur GnWz (D:4)
  7 bullfrogs
  2 scorpions
  A jelly (D:5)
  10 killer bees (Spider:2)
  An electric eel (D:7)
  3 vampire bats
  2 howler monkeys (D:7)
  3 crimson imps
  2 orc priests
  A quasit (D:6)
  A bullfrog skeleton (D:6)
  2 hounds (D:5)
  3 centaur skeletons
  An iguana (D:7)
  7 orc wizards
  3 worker ants
  A hound skeleton (D:8)
  A mummy (Ossuary)
  A worker ant zombie (D:5)
  7 gnolls (D:6)
  6 adders
  2 shadow imps
  An ooze (D:3)
  An adder skeleton (D:4)
  An adder zombie (D:6)
  2 worms
  4 dart slugs
  6 leopard geckos
  27 orcs
  21 bats
  7 bat skeletons (D:7)
  4 giant cockroaches
  5 hobgoblins
  9 jackals
  5 kobolds
  3 quokkas
  A ball python (D:8)
  4 frilled lizards
  12 gnoll skeletons (Ossuary)
  2 goblins (D:2)
  6 kobold skeletons (Ossuary)
  7 orc skeletons (Ossuary)
  A quokka skeleton (D:7)
  A quokka zombie (D:5)
  6 rats
  A fungus (Lair:6)
508 creatures vanquished.

Vanquished Creatures (collateral kills)
  7 death yaks (Lair:6)
  A wolf spider (Spider:2)
  An ice statue (IceCv)
  2 demonic crawlers (Spider:2)
  2 polar bears (IceCv)
  A meliai (Spider:2)
  A redback (Spider:2)
  A tarantella (Spider:2)
  5 yaks
  2 wolves (IceCv)
  A killer bee (Spider:2)
24 creatures vanquished.

Vanquished Creatures (others)
  A bush (Lair:6)
  12 fungi (Lair:6)
  19 plants
32 creatures vanquished.

Grand Total: 564 creatures vanquished

Notes
Turn   | Place    | Note
-------+----------+-------------------------------------------
     0 | D:1      | theanonym the Minotaur Berserker began the quest for the Orb.
     0 | D:1      | Reached XP level 1. HP: 19/19 MP: 0/0
   334 | D:1      | Reached skill level 4 in Fighting
   391 | D:1      | Reached skill level 4 in Maces & Flails
   391 | D:1      | Reached XP level 2. HP: 26/27 MP: 1/1
   875 | D:2      | Reached XP level 3. HP: 30/34 MP: 2/2
   891 | D:2      | Reached ** piety under Trog
  1103 | D:2      | Found a shattered altar of Ashenzari.
  1144 | D:2      | Found a faded altar of an unknown god.
  1336 | D:2      | Reached skill level 5 in Fighting
  1336 | D:2      | Reached XP level 4. HP: 41/42 MP: 3/3
  1414 | D:3      | Reached skill level 5 in Maces & Flails
  1672 | D:3      | Found a snail-covered altar of Cheibriados.
  1777 | D:3      | Reached skill level 3 in Armour
  1777 | D:3      | Reached XP level 5. HP: 43/48 MP: 2/4
  1819 | D:3      | Reached *** piety under Trog
  1910 | D:3      | Found a hazy altar of Hepliaklqana.
  2094 | D:3      | Found a sparkling altar of Nemelex Xobeh.
  2220 | D:4      | Noticed p0werm0de's ghost (amateur GnWz)
  2264 | D:4      | Killed p0werm0de's ghost
  2264 | D:4      | Reached skill level 6 in Maces & Flails
  2503 | D:4      | Found Jaifoleamm's Elemental Accessories.
  3046 | D:5      | Entered Level 5 of the Dungeon
  3113 | D:5      | Reached XP level 6. HP: 55/56 MP: 5/5
  3289 | D:5      | Found a stormy altar of Qazlal.
  3328 | D:5      | Found Yschaclao's Gadget Emporium.
  3361 | D:5      | Noticed an orc warrior
  3366 | D:5      | Killed an orc warrior
  3366 | D:5      | Reached skill level 4 in Armour
  3531 | D:5      | Found Utinn's Antique Armour Boutique.
  3550 | D:5      | Bought a buckler for 112 gold pieces
  3630 | D:5      | Reached skill level 6 in Fighting
  3630 | D:5      | Reached skill level 7 in Maces & Flails
  3632 | D:5      | Found a staircase to the Ecumenical Temple.
  3878 | D:6      | Noticed a hungry ghost
  3878 | D:6      | Reached XP level 7. HP: 62/63 MP: 6/6
  3894 | D:6      | Killed a hungry ghost
  3894 | D:6      | Reached skill level 5 in Armour
  3969 | D:6      | Found Miqil's Distillery.
  3976 | D:6      | Bought a potion of haste for 120 gold pieces
  3976 | D:6      | Bought a potion of curing for 36 gold pieces
  4022 | D:6      | Got a spiked ring mail
  4135 | D:6      | Reached skill level 1 in Shields
  4142 | D:6      | Identified the +0 ring mail "Badugaav" {Str+4 Dex+6} (You found it on level 6 of the Dungeon)
  4244 | D:6      | Reached **** piety under Trog
  4270 | D:6      | Reached skill level 8 in Maces & Flails
  4270 | D:6      | Reached skill level 6 in Armour
  4959 | D:7      | Reached XP level 8. HP: 71/71 MP: 7/7
  5083 | D:7      | Found a bloodstained altar of Trog.
  5096 | D:7      | Reached skill level 7 in Armour
  5104 | D:7      | Identified the cursed +1 flail of the Desert {venom, +Rage rF+ Dex+6} (You found it on level 7 of the Dungeon)
  5412 | D:7      | Found Luup's Antique Weapon Shoppe.
  5616 | D:7      | Found an ancient bone altar of Kikubaaqudgha.
  5755 | D:7      | Reached skill level 9 in Maces & Flails
  5793 | D:7      | Reached skill level 7 in Fighting
  6072 | D:8      | Reached skill level 8 in Armour
  6072 | D:8      | Reached skill level 2 in Shields
  6104 | D:8      | Noticed a hippogriff
  6114 | D:8      | Killed a hippogriff
  6132 | D:8      | Received a gift from Trog
  6151 | D:8      | Reached XP level 9. HP: 54/79 MP: 6/8
  6163 | D:8      | Found a sand-covered staircase.
  6172 | Ossuary  | Entered an ossuary
  6270 | Ossuary  | Received a gift from Trog
  6313 | Ossuary  | Reached skill level 10 in Maces & Flails
  6427 | Ossuary  | Identified a scroll of acquirement
  6428 | Ossuary  | Got a crude bronze ring
  6430 | Ossuary  | Identified the ring "Konizila" {rCorr rElec rF+ Int-2 Dex+3} (You acquired it in an ossuary)
  6633 | D:8      | Found an ornate altar of the Wu Jian Council.
  6633 | D:8      | Found a white marble altar of Elyvilon.
  6705 | D:8      | Found a staircase to the Lair.
  6853 | D:8      | Reached skill level 9 in Armour
  7223 | Lair:1   | Entered Level 1 of the Lair of Beasts
  7239 | Lair:1   | Found a frozen archway.
  7245 | Lair:1   | Reached skill level 3 in Shields
  7253 | Lair:1   | Reached skill level 8 in Fighting
  7255 | Lair:1   | Reached skill level 11 in Maces & Flails
  7304 | IceCv    | Entered an ice cave
  7326 | IceCv    | Reached skill level 10 in Armour
  7413 | IceCv    | Noticed a polar bear
  7413 | IceCv    | Noticed a polar bear
  7413 | IceCv    | Noticed a polar bear
  7417 | IceCv    | Killed a polar bear
  7421 | IceCv    | Killed a polar bear
  7421 | IceCv    | Reached XP level 10. HP: 84/90 MP: 9/9
  7489 | IceCv    | Reached skill level 12 in Maces & Flails
  7498 | IceCv    | Reached skill level 9 in Fighting
  7503 | IceCv    | Reached skill level 4 in Shields
  7515 | IceCv    | Reached skill level 11 in Armour
  7654 | IceCv    | Reached skill level 10 in Fighting
  7814 | IceCv    | Reached skill level 12 in Armour
  7917 | IceCv    | Noticed an ice statue
  7923 | IceCv    | Reached skill level 11 in Fighting
  7926 | IceCv    | Reached XP level 11. HP: 102/102 MP: 8/10
  8287 | IceCv    | Noticed a frost giant
  8287 | IceCv    | Noticed a death yak
  8287 | IceCv    | Noticed a death yak
  8299 | IceCv    | Killed a death yak
  8309 | IceCv    | Killed a death yak
  8309 | IceCv    | Reached skill level 12 in Fighting
  8309 | IceCv    | Reached skill level 13 in Armour
  8317 | IceCv    | Killed a frost giant
  9115 | Lair:1   | Reached skill level 13 in Fighting
  9204 | Lair:1   | Reached skill level 14 in Armour
  9705 | Lair:2   | Reached XP level 12. HP: 96/115 MP: 11/11
 10582 | Lair:3   | Found a shadowy altar of Dithmenos.
 10586 | Lair:3   | Reached skill level 14 in Fighting
 10709 | Lair:3   | Found a hole to the Spider Nest.
 10749 | Lair:3   | Found a staircase to the Shoals.
 10864 | Lair:3   | Noticed an eight-headed hydra
 10876 | Lair:2   | Killed an eight-headed hydra
 10900 | Lair:3   | Reached skill level 15 in Armour
 11342 | Lair:4   | Reached ***** piety under Trog
 11355 | Lair:4   | Noticed a four-headed hydra
 11367 | Lair:4   | Killed a four-headed hydra
 11987 | Lair:4   | Reached skill level 15 in Fighting
 12058 | Lair:4   | p0werm0de: i know who you are dude
 12058 | Lair:4   | p0werm0de: there is no hiding
 12058 | Lair:4   | p0werm0de: https://www.youtube.com/watch?v=XXlZfc1TrD0
 12317 | Lair:5   | Reached skill level 16 in Armour
 12547 | Lair:5   | Noticed Josephine
 12670 | Lair:5   | Killed Josephine
 12676 | Lair:5   | Reached XP level 13. HP: 127/127 MP: 12/12
 12755 | Lair:5   | Received a gift from Trog
 13070 | Lair:5   | Found a staircase to the Slime Pits.
 13580 | Lair:6   | Entered Level 6 of the Lair of Beasts
 13623 | Lair:6   | Reached skill level 16 in Fighting
 14010 | Lair:6   | Reached skill level 17 in Armour
 14412 | Lair:6   | Found a blossoming altar of Fedhas.
 14614 | Lair:6   | Reached skill level 3 in Dodging
 15504 | Lair:6   | Reached skill level 17 in Fighting
 15618 | Lair:6   | Reached skill level 18 in Armour
 15661 | Lair:6   | Reached XP level 14. HP: 108/140 MP: 10/13
 16457 | Spider:1 | Entered Level 1 of the Spider Nest
 16654 | Spider:1 | Reached skill level 18 in Fighting
 17157 | Spider:1 | Received a gift from Trog
 18015 | Spider:1 | Reached skill level 4 in Dodging
 18018 | Spider:1 | Reached skill level 19 in Fighting
 18382 | Spider:1 | Noticed Syneil's ghost (adept DsGl)
 18417 | Spider:1 | Killed Syneil's ghost
 18417 | Spider:1 | Reached skill level 19 in Armour
 19277 | Spider:2 | Reached skill level 20 in Fighting
 19653 | Spider:2 | Received a gift from Trog
 19905 | Spider:3 | Noticed an entropy weaver
 19952 | Spider:2 | HP: 33/149 [entropy weaver (10)]
 19952 | Spider:2 | HP: 7/149 [entropy weaver (13)]
 19953 | Spider:2 | Mangled by a tarantella

Vault maps used:
D:1:      ncdulo_halloftheorcs
D:2:      marbit_many_paths, chequers_ecumenical_altar_lobes, first_bread,
          corexii_item_surrounded_by_moat, minmay_misc_feat_pillars,
          st_stairs_14
D:3:      nemelex_altar_shiori, old_standard_altar, lemuel_crystal_altar,
          nrook_uturn
D:4:      cheibrodos_old_hovel, serial_co_window_serial, co_window_paths_a,
          co_window_paths_a, co_window_paths_b, co_window_corner_a,
          co_window_of_opportunity_a, co_window_paths_b,
          co_window_of_opportunity_a, co_window_paths_a, co_window_corner_a,
          co_window_corner_cb, co_window_corner_b, co_window_unsneaky_path_e,
          co_window_broadway_b, co_window_4corner_b, co_window_paths_e,
          glass_columns_a, nicolae_elemental_shop
D:5:      kennysheep_little_box, minmay_temple_entry_hall, serial_shops, shop,
          shop, serial_bayou_lake_a
D:6:      cheibrodos_helix_gallery, serial_shops, nicolae_shop_stone
D:7:      trog_ov_bears_minmay, kennysheep_vampire_church, serial_bayou,
          serial_bayou_shore_a, serial_bayou_shore_b, serial_bayou_lagoon_b,
          serial_bayou_pond_d, serial_shops, nicolae_shop_trees
D:8:      amethyst_overflow_temple_binary, dpeg_oklobed_lair,
          nicolae_ossuary_entry_monument
Lair:1:   portal_ice_cave_entry_ice_beasts
Lair:2:   st_stairs_3, serial_bayou_shore_b, serial_bayou_shore_b,
          grunt_megastairs_2
Lair:3:   statuecave_lemuel, shoals_dummy_entry, spider_nest_entry_rubble,
          basic_altar
Lair:5:   minmay_slime_entry_oklob_enclosed, serial_bayou_pond_b,
          grunt_megastairs_3, uniq_josephine
Lair:6:   evilmike_catoblepas_cave, roderic_batcave, tgw_fedhas,
          lemuel_fruit_tree, grunt_megastairs_5
Spider:2: nicolae_looking_at_the_future
Ossuary:  ossuary_due_mausoleum
IceCv:    ice_cave_caverns_01

Skill      XL: |  1  2  3  4  5  6  7  8  9 10 11 12 13 14 |
---------------+-------------------------------------------+-----
Fighting       | 4 5 6 7 8 11 13 15 17 20 | 20.4
Maces & Flails | 4 5 6 7 8 9 11 12 | 12.0
Armour         | 3 4 6 8 10 12 14 16 18 19 | 19.5
Shields        | 1 2 3 4 |  4.1
Dodging        | 3 4 |  4.8
Stealth        | |  0.4

Action                   |  1- 3 |  4- 6 |  7- 9 | 10-12 | 13-15 || total
-------------------------+-------+-------+-------+-------+-------++-------
Melee: Mace              |    70 |    18 |       |       |       ||    88
       Headbutt          |     9 |    25 |    80 |   195 |   222 ||   531
       Flail             |       |   118 |   277 |   522 |   627 ||  1544
Throw: Javelin           |       |       |       |     1 |    28 ||    29
Invok: Trog's Hand       |       |     2 |     2 |     3 |     5 ||    12
       Berserk           |       |     2 |     1 |     4 |     8 ||    15
       Burn Spellbooks   |       |       |     1 |     2 |     2 ||     5
       Brothers in Arms  |       |       |     2 |     3 |     2 ||     7
  Use: Scroll            |     3 |     2 |    18 |     2 |     9 ||    34
 Stab: Distracted        |       |       |       |     1 |       ||     1
  Eat: Chunk             |     1 |     3 |     6 |    12 |    17 ||    39
       Meat ration       |       |     2 |       |       |     2 ||     4
       Fruit             |       |     1 |     2 |       |     4 ||     7
       Bread ration      |       |       |     2 |     2 |     1 ||     5
Armor: Animal skin       |    12 |       |       |       |       ||    12
       Ring mail         |    21 |     1 |       |       |       ||    22
       Chain mail        |       |    46 |       |       |       ||    46
       Plate armour      |       |    19 |   173 |   309 |   609 ||  1110
Dodge: Dodged            |    53 |    59 |    99 |   196 |   394 ||   801
Block: Buckler           |       |     3 |    50 |   103 |   152 ||   308

Table legend:
 A = Spawn XP
 B = Non-spawn XP
 C = Spawn XP percentage of total XP
 D = Spawn monster count
 E = Non-spawn monster count
 F = Spawn count percentage of total count
 G = Total turns spent on level
                    A         B        C        D         E        F      G
               +---------+---------+-------+---------+---------+-------+---------
         Total |       0 |  102012 |   0.0 |       0 |     531 |   0.0 | 19953
               +---------+---------+-------+---------+---------+-------+---------
           D:1 |       0 |      27 |   0.0 |       0 |      13 |   0.0 |   735
           D:2 |       0 |      75 |   0.0 |       0 |      28 |   0.0 |   655
           D:3 |       0 |     116 |   0.0 |       0 |      25 |   0.0 |   776
           D:4 |       0 |     133 |   0.0 |       0 |       5 |   0.0 |   880
           D:5 |       0 |     379 |   0.0 |       0 |      16 |   0.0 |   825
           D:6 |       0 |     596 |   0.0 |       0 |      21 |   0.0 |   758
           D:7 |       0 |     867 |   0.0 |       0 |      28 |   0.0 |  1382
           D:8 |       0 |    1269 |   0.0 |       0 |      25 |   0.0 |   938
        Lair:1 |       0 |    3302 |   0.0 |       0 |      21 |   0.0 |   852
        Lair:2 |       0 |    4390 |   0.0 |       0 |      22 |   0.0 |   879
        Lair:3 |       0 |    2988 |   0.0 |       0 |      16 |   0.0 |   874
        Lair:4 |       0 |    4061 |   0.0 |       0 |      14 |   0.0 |   778
        Lair:5 |       0 |   10654 |   0.0 |       0 |      31 |   0.0 |  1952
        Lair:6 |       0 |   25384 |   0.0 |       0 |      74 |   0.0 |  2377
      Spider:1 |       0 |   20873 |   0.0 |       0 |      60 |   0.0 |  2679
      Spider:2 |       0 |   13210 |   0.0 |       0 |      50 |   0.0 |   812
       Ossuary |       0 |     248 |   0.0 |       0 |      27 |   0.0 |   274
         IceCv |       0 |   13440 |   0.0 |       0 |      55 |   0.0 |  1522
               +---------+---------+-------+---------+---------+-------+---------

Vault maps used:
D:1:      ncdulo_halloftheorcs
D:2:      marbit_many_paths, chequers_ecumenical_altar_lobes, first_bread,
          corexii_item_surrounded_by_moat, minmay_misc_feat_pillars,
          st_stairs_14
D:3:      nemelex_altar_shiori, old_standard_altar, lemuel_crystal_altar,
          nrook_uturn
D:4:      cheibrodos_old_hovel, serial_co_window_serial, co_window_paths_a,
          co_window_paths_a, co_window_paths_b, co_window_corner_a,
          co_window_of_opportunity_a, co_window_paths_b,
          co_window_of_opportunity_a, co_window_paths_a, co_window_corner_a,
          co_window_corner_cb, co_window_corner_b, co_window_unsneaky_path_e,
          co_window_broadway_b, co_window_4corner_b, co_window_paths_e,
          glass_columns_a, nicolae_elemental_shop
D:5:      kennysheep_little_box, minmay_temple_entry_hall, serial_shops, shop,
          shop, serial_bayou_lake_a
D:6:      cheibrodos_helix_gallery, serial_shops, nicolae_shop_stone
D:7:      trog_ov_bears_minmay, kennysheep_vampire_church, serial_bayou,
          serial_bayou_shore_a, serial_bayou_shore_b, serial_bayou_lagoon_b,
          serial_bayou_pond_d, serial_shops, nicolae_shop_trees
D:8:      amethyst_overflow_temple_binary, dpeg_oklobed_lair,
          nicolae_ossuary_entry_monument
Lair:1:   portal_ice_cave_entry_ice_beasts
Lair:2:   st_stairs_3, serial_bayou_shore_b, serial_bayou_shore_b,
          grunt_megastairs_2
Lair:3:   statuecave_lemuel, shoals_dummy_entry, spider_nest_entry_rubble,
          basic_altar
Lair:5:   minmay_slime_entry_oklob_enclosed, serial_bayou_pond_b,
          grunt_megastairs_3, uniq_josephine
Lair:6:   evilmike_catoblepas_cave, roderic_batcave, tgw_fedhas,
          lemuel_fruit_tree, grunt_megastairs_5
Spider:2: nicolae_looking_at_the_future
Ossuary:  ossuary_due_mausoleum
IceCv:    ice_cave_caverns_01

Table legend:
 A = Turns spent in this place as a percentage of turns spent in the entire game.
 B = Non-inter-level travel turns spent in this place as a percentage of non-inter-level travel turns spent in the entire game.
 C = Inter-level travel turns spent in this place as a percentage of turns spent in this place.
 D = Turns resting spent in this place as a percentage of non-inter-level travel turns spent in this place.
 E = Turns spent auto-exploring this place as a percentage of non-inter-level travel turns spent in this place.
 F = Non-inter-level travel turns spent in this place divided by the number of levels of this place that you've seen.
                   A       B       C       D       E      F
               +-------+-------+-------+-------+-------+----------------------
         Total | 100.0 | 100.0 |   2.7 |  25.0 |  54.6 | 1021.7
       Dungeon |  34.8 |  34.6 |   3.5 |  11.9 |  71.1 | 838.6
          Lair |  38.7 |  38.5 |   3.0 |  25.6 |  55.1 | 1246.3
   Spider Nest |  17.5 |  17.7 |   1.9 |  39.5 |  35.4 | 1143.3
       Ossuary |   1.4 |   1.4 |   0.0 |  18.6 |  23.4 | 274.0
      Ice Cave |   7.6 |   7.8 |   0.0 |  47.8 |  28.0 | 1522.0
               +-------+-------+-------+-------+-------+----------------------

Table legend:
 A = Kills in this place as a percentage of kills in entire the game.
 B = Kills by you in this place as a percentage of kills by you in the entire game.
 C = Kills by friends in this place as a percentage of kills by friends in the entire game.
 D = Other kills in this place as a percentage of other kills in the entire game.
 E = Experience gained in this place as a percentage of experience gained in the entire game.
 F = Experience gained in this place divided by the number of levels of this place that you have seen.
                   A       B       C       D       E      F
               +-------+-------+-------+-------+-------+----------------------
         Total | 100.0 | 100.0 | 100.0 |   N/A | 100.0 | 5369.1
       Dungeon |  30.3 |  31.8 |   0.0 |   N/A |   3.4 | 432.8
          Lair |  33.5 |  32.9 |  45.8 |   N/A |  49.8 | 8463.2
   Spider Nest |  20.7 |  20.3 |  29.2 |   N/A |  33.4 | 11361.0
       Ossuary |   5.1 |   5.3 |   0.0 |   N/A |   0.2 | 248.0
      Ice Cave |  10.4 |   9.7 |  25.0 |   N/A |  13.2 | 13440.0
               +-------+-------+-------+-------+-------+----------------------
